 Dungeon Crawl Stone Soup version 0.25.1-2-g60ff931df9 (webtiles) character file.

Game seed: 7243198019153085354

385 DildoBatman the Conjurer (level 7, -3/46 HPs)
             Began as a Formicid Wizard on Aug 18, 2020.
             Slain by a hound (4 damage)
             ... on level 4 of the Dungeon.
             The game lasted 00:10:12 (3991 turns).

DildoBatman the Conjurer (Formicid Wizard)          Turns: 3991, Time: 00:10:12

Health: -3/46      AC:  3    Str: 12    XL:     7   Next: 6%
Magic:  0/11       EV: 12    Int: 19    God:
Gold:   148        SH:  0    Dex:  9    Spells: 5/12 levels left

rFire    . . .     SeeInvis +   b - +0 short sword
rCold    . . .     Gourm    .   (no shield)
rNeg     . . .     Faith    .   D - +0 robe
rPois    .         Spirit   .   (helmet unavailable)
rElec    .         Reflect  .   (no cloak)
rCorr    .         Harm     .   n - +0 pair of gloves
MR       .....                  (no boots)
Stlth    ++........             (no amulet)
HPRegen  0.15/turn              (no ring)
MPRegen  0.12/turn              (no ring)

@: no status effects
A: permanent stasis, dig shafts and tunnels, four strong arms, antennae 3
a: Dig, Shaft Self


You were on level 4 of the Dungeon.
You were not hungry.

You visited 1 branch of the dungeon, and saw 4 of its levels.

You collected 148 gold pieces.

Inventory:

Hand Weapons
 a - a +0 halberd
 b - a +0 short sword (weapon)
Missiles
 h - 78 stones
 j - 2 javelins
 k - 14 arrows
 m - 30 poisoned darts (quivered)
 p - 88 bolts
 q - 18 sling bullets
 A - 5 curare-tipped darts
Armour
 n - a +0 pair of gloves (worn)
 D - a +0 robe (worn)
Scrolls
 d - 2 scrolls of fog
 e - a scroll of teleportation {unknown}
 r - a scroll of enchant armour {unknown}
 s - a scroll of fear
 x - 2 scrolls of remove curse
 y - a scroll of magic mapping {unknown}
 z - a scroll of identify
 C - a scroll of blinking {unknown}
Potions
 c - 2 potions of berserk rage {unknown}
 f - a potion of haste {unknown}
 g - 3 potions of brilliance {unknown}
 i - a potion of stabbing {unknown}
 l - 3 potions of degeneration {unknown}
 o - a potion of heal wounds {unknown}
 t - a potion of mutation {unknown}
 w - 3 potions of curing {unknown}
 F - a potion of flight {unknown}
Comestibles
 u - 2 chunks of flesh
 v - 7 rations


   Skills:
 - Level 1.7 Dodging
 - Level 2.4 Stealth
 - Level 3.2 Spellcasting
 - Level 6.0 Conjurations
   Level 1.0 Summonings
   Level 0.8 Translocations
 * Level 0.7 Fire Magic
 * Level 0.5 Air Magic


You had 5 spell levels left.
You knew the following spells:

 Your Spells              Type           Power        Failure   Level  Hunger
a - Conjure Flame         Conj/Fire      ###.....     11%         3    ###....
c - Magic Dart            Conj           ####         1%          1    None
e - Mephitic Cloud        Conj/Pois/Air  ##......     19%         3    ###....

Your spell library contained the following spells:

 Spells                   Type           Power        Failure   Level  Hunger
 Call Imp                 Summ           #.......     16%         2    ##.....
 Slow                     Hex            #.......     22%         2    ##.....
 Blink                    Tloc           Unusable     N/A         2    N/A

Dungeon Overview and Level Annotations

Branches:
Dungeon (4/15)
 Temple: D:4-7

Altars:
Hepliaklqana
Makhleb
Ru

Annotations:
D:2 1 runed translucent door, Crazy Yiuf
D:4 1 transporter


Innate Abilities, Weirdness & Mutations

You cannot be hasted, slowed, berserked, paralysed or teleported.
You can dig through walls and to a lower floor.
Your four strong arms can wield two-handed weapons with a shield.
You have a pair of large antennae on your head. (SInv)


Message History

The hound is almost dead.
The hound bites you.
Casting: Magic Dart (safe; 1% risk of failure)
Confirm with . or Enter, or press ? or * to list all spells.
You don't have enough magic to cast that spell.
You hit the hound but do no damage.
The hound is almost dead.
The hound closely misses you. The hound barely misses you.
Casting: Magic Dart (safe; 1% risk of failure)
Confirm with . or Enter, or press ? or * to list all spells.
Aiming: Magic Dart (safe; 1% risk of failure)
Press: ? - help, Shift-Dir - straight line, f/p - hound
Aim: a hound (almost dead)
The magic dart hits the hound.
The hound is almost dead.
The hound bites you. The hound bites you but does no damage.
The hound bites you.
You die...

.........#... #+###
.........##'#
##+####.##.###########......
#........#...........#......
#........#...........#......
#........#...........#......
#######'####...####'##......
#..####.####...##......####.
#....[h...h@....#......# #.
#.....#.........#......# #.
#..$..#.........#......# #.
#################......# #.
######## ##


You could see a hound and a jackal (confused).

Vanquished Creatures
  An ogre (D:4)
  2 hounds (D:4)
  2 worker ants
  A hound zombie (D:2)
  3 gnolls (D:4)
  5 adders
  3 worms
  3 dart slugs
  4 leopard geckos
  An orc (D:4)
  A ball python (D:3)
  3 giant cockroaches (D:3)
  11 goblins
  4 hobgoblins
  14 jackals
  6 kobolds
  2 quokkas
  6 bats
  4 frilled lizards
  6 rats
82 creatures vanquished.

Notes
Turn   | Place    | Note
-------+----------+-------------------------------------------
     0 | D:1      | DildoBatman the Formicid Wizard began the quest for the
                  | Orb.
     0 | D:1      | Reached XP level 1. HP: 13/13 MP: 4/4
    29 | D:1      | Reached skill level 1 in Conjurations
   227 | D:1      | Reached XP level 2. HP: 19/19 MP: 4/6
   309 | D:1      | Reached skill level 2 in Conjurations
   648 | D:1      | Reached XP level 3. HP: 24/24 MP: 3/7
   653 | D:1      | Learned a level 3 spell: Conjure Flame
   657 | D:1      | Learned a level 3 spell: Mephitic Cloud
  1145 | D:2      | Reached skill level 3 in Conjurations
  1263 | D:2      | Reached XP level 4. HP: 29/30 MP: 5/8
  1499 | D:2      | Found a sacrificial altar of Ru.
  1631 | D:2      | Found a runed translucent door.
  1632 | D:2      | Noticed Crazy Yiuf
  2109 | D:3      | Found a burning altar of Makhleb.
  2398 | D:2      | Reached skill level 4 in Conjurations
  2398 | D:2      | Reached XP level 5. HP: 23/35 MP: 0/9
  3196 | D:3      | Found a hazy altar of Hepliaklqana.
  3332 | D:4      | Reached skill level 5 in Conjurations
  3332 | D:4      | Reached XP level 6. HP: 38/41 MP: 4/10
  3414 | D:4      | Noticed an ogre
  3436 | D:4      | Killed an ogre
  3703 | D:4      | Found a transporter.
  3851 | D:4      | Reached skill level 6 in Conjurations
  3869 | D:4      | Reached XP level 7. HP: 46/46 MP: 4/11
  3989 | D:4      | HP: 1/46 [hound (6)]
  3991 | D:4      | Slain by a hound

Illustrated notes

Levels and vault maps discovered:
D:1:      scummos_arrival_checkerplants, layout_loops_cross, amethyst_killhole
D:2:      layout_rooms, kennysheep_flooded_box, lemuel_old_faithful,
          uniq_crazy_yiuf_cottage
D:3:      layout_loops_ring, overflow_temple_1_default, marbit_many_paths
D:4:      layout_gridville, gammafunk_ghost_stat_death

Skill      XL: |  1  2  3  4  5  6 |
---------------+-------------------+-----
Conjurations   | 1 2 3 4 5 6 |  6.0
Dodging        | |  1.7
Stealth        | |  2.4
Spellcasting   | |  3.2
Summonings     | |  1.0
Translocations | |  0.8
Fire Magic     | |  0.7
Air Magic      | |  0.5

Action                   |  1- 3 |  4- 6 |  7- 9 || total
-------------------------+-------+-------+-------++-------
Melee: Club              |     2 |     8 |       ||    10
       Short sword       |       |    13 |     4 ||    17
Throw: Dart              |       |     9 |       ||     9
 Cast: Magic Dart        |    63 |   150 |    12 ||   225
       Conjure Flame     |     1 |       |       ||     1
       Mephitic Cloud    |       |     4 |     1 ||     5
 Abil: Dig               |     1 |     1 |       ||     2
  Use: Scroll            |       |     5 |       ||     5
  Eat: Chunk             |     1 |     8 |     1 ||    10
Armor: Robe              |     2 |     9 |     5 ||    16
Dodge: Dodged            |     6 |    33 |    19 ||    58
